AoeStats
← cPhoenix78

Arabia

510433260Analyzed
2v2 RM · 1d ago on Oct 1, 2026· 65m 18s· 4 players
Game mode
Random Map
Map size
Medium (4 player)
Population
200
Speed
Normal
Resources
Standard
Victory
Conquest
Starting age
Dark Age
Ending age
Imperial Age
RankedLock teamsTeams togetherTeam positionsShared explorationLock speedFull tech treeHidden civsTurbo modeCheats
Victory
Defeat
🇨🇴 Lithuanians · Colombia
559
+10
🇨🇴 Vietnamese · Colombia
475
+14
🇲🇽 Byzantines · Mexico
450
-13
🇧🇷 Koreans · Brazil
408
-11
cPhoenix78
9:55 Loom
13:52 Feudal Age
16:08 Double-Bit Axe
16:06 Horse Collar
15:53 Man-at-Arms
16:58 Gold Mining
19:00 Stone Mining
22:58 Forging
23:32 Scale Mail Armor
23:39 Scale Barding Armor
23:56 Padded Archer Armor
24:03 Fletching
27:16 Wheelbarrow
30:47 Castle Age
30:09 Arson
32:09 Hand Cart
32:10 Elite Skirmisher
34:13 Stone Shaft Mining
34:59 Heavy Plow
35:16 Bow Saw
36:05 Squires
37:46 Gold Shaft Mining
38:47 Leather Archer Armor
39:21 Gambesons
38:58 Pikeman
39:40 Husbandry
39:02 Light Cavalry
39:07 Crossbowman
41:46 Greek Fire
42:57 Thumb Ring
francisletsfly
11:51 Feudal Age
14:49 Loom
14:50 Town Watch
15:17 Double-Bit Axe
18:22 Castle Age
20:37 Bow Saw
25:06 Wheelbarrow
25:08 Pikeman
26:05 Fletching
26:34 Horse Collar
27:15 Squires
28:44 Forging
28:35 Scale Mail Armor
28:32 Bodkin Arrow
30:12 Gold Mining
31:24 Heavy Plow
32:54 Hand Cart
41:05 Imperial Age
40:45 Chain Mail Armor
41:07 Iron Casting
43:06 Two-Man Saw
44:19 Elite War Wagon
45:20 Shinkichon
45:23 Conscription
49:54 Heavy Rocket Cart
58:21 Murder Holes
58:47 Ballistics
JxRawII
12:40 Feudal Age
17:59 Castle Age
18:12 Bloodlines
18:12 Scale Barding Armor
18:05 Double-Bit Axe
18:07 Horse Collar
19:27 Wheelbarrow
23:58 Husbandry
26:47 Scale Barding Armor
26:53 Forging
26:35 Fletching
26:45 Padded Archer Armor
29:27 Gold Mining
30:36 Ballistics
29:58 Treadmill Crane
32:08 Chain Barding Armor
32:25 Iron Casting
31:46 Bodkin Arrow
32:07 Leather Archer Armor
34:37 Caravan
35:09 Coinage
38:54 Imperial Age
40:50 Chemistry
39:47 Murder Holes
39:56 Cavalier
41:41 Bracer
42:13 Ring Archer Armor
42:23 Conscription
42:30 Elite Skirmisher
43:16 Thumb Ring
44:59 Plate Barding Armor
44:19 Paladin
44:33 Imperial Skirmisher
49:00 Tower Shields
CrisaorAgu
0:39 Loom
11:23 Feudal Age
13:13 Double-Bit Axe
13:10 Horse Collar
16:33 Padded Archer Armor
24:55 Castle Age
23:12 Fletching
27:27 Leather Archer Armor
27:08 Bodkin Arrow
27:18 Crossbowman
28:04 Thumb Ring
30:24 Elite Skirmisher
35:53 Imperial Age
34:06 Ballistics
37:30 Bracer
38:01 Ring Archer Armor
37:14 Arbalester
37:16 Imperial Skirmisher
39:54 Chemistry
40:10 Chatras
56:31 Capped Ram
Connection lost

Rejoining the realm…

Still unreachable

The connection could not be restored.

Session expired

The server has moved on; the page needs a fresh start.